 Dungeon Crawl Stone Soup version 0.18-a0-917-g8a3da5b (webtiles) character file.

59378 JokEr the Severer (level 14, -2/135 HPs)
             Began as a Hill Orc Fighter on Dec 26, 2015.
             Was the Champion of Okawaru.
             Slain by a death yak (6 damage)
             ... on level 8 of the Lair of Beasts.
             The game lasted 01:15:53 (31203 turns).

JokEr the Severer (Hill Orc Fighter)               Turns: 31203, Time: 01:15:53

Health: -2/135     AC: 22    Str: 28    XL:     14   Next: 94%
Magic:  0/22       EV:  2    Int:  8    God:    Okawaru [******]
Gold:   776        SH:  0    Dex: 11    Spells: 0 memorised, 13 levels left

rFire  . . .     SeeInvis .     D - +1 broad axe (venom)
rCold  . . .     Gourm    .     g - +0 plate armour
rNeg   + + +     Faith    .     c - +0 shield
rPois  ∞         Spirit   +     (no helmet)
rElec  .         Dismiss  .     i - +0 cloak
rCorr  .         Reflect  .     l - +0 pair of gloves
SustAt .         Harm     .     (no boots)
MR     +....                    Y - amulet of guardian spirit
Stlth  ..........               E - +5 ring of strength
                                W - +3 ring of protection

@: petrified, heroism, somewhat resistant to hostile enchantments, extremely
unstealthy
A: no striking features
a: Heroism, Finesse, Renounce Religion


You were on level 8 of the Lair of Beasts.
You worshipped Okawaru.
Okawaru was exalted by your worship.
You were not hungry.

You visited 3 branches of the dungeon, and saw 19 of its levels.

You collected 1192 gold pieces.
You spent 416 gold pieces at shops.

Inventory:

Hand Weapons
 a - a +1 war axe of freezing
 D - a +1 broad axe of venom (weapon)
Armour
 c - a +0 shield (worn)
 g - a +0 plate armour (worn)
 i - a +0 cloak (worn)
 l - a +0 pair of gloves (worn)
Jewellery
 d - an uncursed ring of fire {unknown}
 q - an uncursed ring of poison resistance
 z - an uncursed ring of ice
 E - a +5 ring of strength (right hand)
 R - an uncursed ring of sustain attributes
 W - a +3 ring of protection (left hand)
 Y - an amulet of guardian spirit (around neck)
Wands
 j - a wand of digging (9/24)
 p - a wand of fireball (6/15)
 A - a wand of teleportation (4/9)
Scrolls
 e - a scroll of recharging
 h - a scroll of fog
 k - a scroll of teleportation
 t - a scroll of identify
 v - 2 scrolls of enchant armour
 x - 2 scrolls of amnesia
 y - 7 scrolls of remove curse
 M - 2 scrolls of magic mapping
 U - a scroll of silence
Potions
 f - 2 potions of lignification
 m - 2 potions of ambrosia {unknown}
 o - 3 potions of cancellation {unknown}
 r - a potion of mutation {unknown}
 C - a potion of degeneration {unknown}
 F - 4 potions of poison
 J - a potion of brilliance {unknown}
 O - 2 potions of berserk rage {unknown}
 T - a potion of beneficial mutation {unknown}
Miscellaneous
 Q - a fan of gales
 S - a box of beasts
Comestibles
 b - 17 chunks of flesh
 n - 3 fruits
 u - 2 bread rations
 w - 3 meat rations
 B - 9 slices of pizza
 H - 7 beef jerkies
 K - a royal jelly


   Skills:
 - Level 15.1(20.1) Fighting
 - Level 16.3(21.3) Axes
 - Level 9.4(14.4) Armour
 - Level 11.4(16.4) Shields
 - Level 10.2 Invocations
 + Level 10.8 Evocations


You had 13 spell levels left.
You didn't know any spells.

Dungeon Overview and Level Annotations

Branches:
Dungeon (10/15)            Temple (1/1) D:4            Lair (8/8) D:10
 Shoals (0/4) Lair:3       Spider (0/4) Lair:4        Slime (0/6) Lair:6
    Orc: D:9-12

Altars:
Ashenzari
Cheibriados
Dithmenos
Elyvilon
Fedhas
Gozag
Kikubaaqudgha
Makhleb
Nemelex Xobeh
Okawaru
Pakellas
Qazlal
Ru
Sif Muna
Trog
Vehumet
Xom
Yredelemnul
Zin
The Shining One
Jiyva

Shops:
D:7 %[:!%

Annotations:
D:4 filipzpl's ghost, novice GrBe
Lair:1 Urug


Message History

* * * LOW HITPOINT WARNING * * *
The catoblepas gores you!!
* * * LOW HITPOINT WARNING * * *
You have turned to stone.
You are engulfed in calcifying dust.
The death yak gores you but does no damage. x2
The catoblepas gores you but does no damage.
You are engulfed in calcifying dust.
The death yak completely misses you.
The death yak gores you but does no damage.
The catoblepas breathes a plume of calcifying dust at you.
The blast of calcifying dust hits you!
You are engulfed in calcifying dust.
The death yak completely misses you. The death yak gores you!
* * * LOW HITPOINT WARNING * * *
The catoblepas gores you!!
* * * LOW HITPOINT WARNING * * *
You are engulfed in calcifying dust.
The death yak gores you but does no damage.
The death yak gores you!
You die...

##.....P.####
###.....÷......
##...÷...♣...##.
##P.....P.#######
#....P#####
##...###.. #....#
..8 #...##.8@.
#@Y.#.Y..#
#YY##Y..#
#†##...##
#†#.....##
#..÷......
#....÷.....
#....###...
#..P... #
###..##.


You could see 2 death yaks and a catoblepas.

Vanquished Creatures
  Rupert (Lair:8)
  The ghost of braks the Black Sun, a journeyman DsMo of Kikubaaqudgha (Lair:1)
  4 hydras
  8 death yaks
  A queen ant (Lair:1)
  Nergalle (Lair:1)
  Pikel (D:8)
  A manticore (Lair:3)
  30 elephants
  2 griffons
  Joseph (D:7)
  7 black mambas
  10 spiny frogs
  A troll (D:8)
  7 komodo dragons
  A jumping spider (Lair:4)
  3 fire drakes
  2 polar bears
  A two-headed ogre (D:9)
  12 blink frogs
  A trapdoor spider (Lair:4)
  2 redbacks (Lair:4)
  34 yaks
  Sigmund (D:6)
  4 hungry ghosts
  6 basilisks
  A hog (D:10)
  A human (D:10)
  27 wolves
  6 hippogriffs
  Menkaure (D:7)
  17 porcupines
  20 soldier ants (Lair:1)
  15 water moccasins
  3 orc warriors (D:8)
  An ice beast (D:7)
  A slave (D:8)
  2 phantoms
  A necrophage (D:3)
  A wasp (D:8)
  5 ogres
  2 big kobolds
  22 giant frogs
  3 centaurs
  13 crocodiles
  A gnoll sergeant (D:7)
  6 scorpions
  9 killer bees
  12 wights
  2 electric eels
  5 hounds
  2 crimson imps
  2 giant frog zombies (D:6)
  A centaur skeleton (D:8)
  11 orc priests
  5 orc wizards
  2 giant frog skeletons (D:8)
  Jessica (D:2)
  4 jellies
  27 worker ants
  7 iguanas
  25 sheep
  2 hound zombies
  A worker ant zombie (D:5)
  3 gnolls (D:7)
  15 adders
  44 river rats
  2 shadow imps
  2 oozes
  An adder skeleton (D:6)
  2 worms
  5 giant geckos
  23 orcs
  10 goblins
  7 hobgoblins
  4 jackals
  3 quokkas
  A ball python (D:2)
  8 bats
  10 giant cockroaches
  A giant gecko zombie (D:6)
  4 giant newts
  16 kobolds
  A quokka skeleton (D:6)
  A quokka zombie (D:6)
  9 rats
  A butterfly (D:9)
  5 fungi
  7 plants
595 creatures vanquished.

Vanquished Creatures (others)
  3 slaves (D:8)
  A crimson imp (D:8)
  An orc priest (D:8)
  A hound (D:8)
  2 bushes (Lair:1)
  51 fungi
  25 plants
84 creatures vanquished.

Grand Total: 679 creatures vanquished

Notes
Turn   | Place    | Note
--------------------------------------------------------------
     0 | D:1      | JokEr the Hill Orc Fighter began the quest for the Orb.
     0 | D:1      | Reached XP level 1. HP: 19/19 MP: 1/1
   197 | D:1      | Reached XP level 2. HP: 22/27 MP: 2/2
   202 | D:1      | Reached skill level 4 in Fighting
   791 | D:2      | Reached XP level 3. HP: 29/33 MP: 3/3
  1123 | D:2      | Found a sparkling altar of Nemelex Xobeh.
  1123 | D:2      | Noticed Jessica
  1148 | D:2      | Killed Jessica
  1148 | D:2      | Reached XP level 4. HP: 19/41 MP: 4/4
  1544 | D:2      | Reached skill level 5 in Fighting
  1930 | D:3      | Found a faded altar to an unknown god.
  1964 | D:3      | Found a bloodstained altar of Trog.
  2013 | D:3      | Reached skill level 5 in Axes
  2053 | D:3      | Noticed a necrophage
  2077 | D:3      | Killed a necrophage
  2077 | D:3      | Reached XP level 5. HP: 47/50 MP: 5/5
  2444 | D:3      | Reached skill level 6 in Fighting
  2492 | D:3      | Reached XP level 6. HP: 57/57 MP: 6/6
  2546 | D:4      | Noticed filipzpl's ghost (novice GrBe)
  3696 | D:4      | Reached skill level 7 in Fighting
  3696 | D:4      | Reached XP level 7. HP: 48/66 MP: 7/7
  4116 | D:4      | Found a glowing silver altar of Zin.
  4123 | D:4      | Noticed a hungry ghost
  4137 | D:4      | Killed a hungry ghost
  4183 | D:4      | Found a staircase to the Ecumenical Temple.
  4196 | Temple   | Entered the Ecumenical Temple
  4262 | Temple   | Became a worshipper of Warmaster Okawaru
  4403 | D:5      | Entered Level 5 of the Dungeon
  4490 | D:5      | Reached skill level 8 in Axes
  4750 | D:5      | Reached XP level 8. HP: 66/74 MP: 8/8
  5202 | D:6      | Found a sacrificial altar of Ru.
  5532 | D:5      | Reached * piety under Okawaru
  5599 | D:5      | Reached skill level 9 in Axes
  5887 | D:6      | Noticed Sigmund
  5898 | D:6      | Killed Sigmund
  5898 | D:6      | Reached skill level 10 in Axes
  5936 | D:6      | Found an ancient bone altar of Kikubaaqudgha.
  6113 | D:7      | Found Ujoinadd's Distillery.
  6116 | D:7      | Bought a potion of resistance for 130 gold pieces
  6116 | D:7      | Bought a potion of heal wounds for 65 gold pieces
  6116 | D:7      | Bought a potion of curing for 39 gold pieces
  6116 | D:7      | Bought a potion of heal wounds for 65 gold pieces
  6116 | D:7      | Bought a potion of heal wounds for 65 gold pieces
  6116 | D:7      | Bought a potion of might for 52 gold pieces
  6178 | D:7      | Noticed Joseph
  6194 | D:7      | Killed Joseph
  6194 | D:7      | Reached skill level 10 in Fighting
  6194 | D:7      | Reached XP level 9. HP: 37/85 MP: 9/9
  6417 | D:7      | Reached ** piety under Okawaru
  6426 | D:7      | Reached skill level 11 in Axes
  6834 | D:7      | Found a snail-covered altar of Cheibriados.
  6987 | D:7      | Found a shattered altar of Ashenzari.
  7172 | D:7      | Found Nigudell's Food Shop.
  7328 | D:7      | Reached skill level 12 in Axes
  7337 | D:7      | Reached *** piety under Okawaru
  7619 | D:7      | Found a white marble altar of Elyvilon.
  7620 | D:7      | Found a shadowy altar of Dithmenos.
  7622 | D:7      | Found an oddly glowing altar of Pakellas.
  7674 | D:7      | Noticed Menkaure
  7685 | D:7      | Killed Menkaure
  7884 | D:7      | Found Roeg's Antique Armour Emporium.
  8018 | D:7      | Found Qaowul's Book Shoppe.
  8021 | D:7      | Found Kevy's Food Boutique.
  8501 | D:8      | Found a sacrificial altar of Ru.
  8555 | D:8      | Found a glowing golden altar of the Shining One.
  8688 | D:8      | Noticed Pikel
  8709 | D:8      | Killed Pikel
  8709 | D:8      | Reached **** piety under Okawaru
  8709 | D:8      | Reached skill level 13 in Axes
  8709 | D:8      | Reached XP level 10. HP: 82/97 MP: 10/10
 10526 | D:9      | Reached ***** piety under Okawaru
 10526 | D:9      | Reached skill level 14 in Axes
 11129 | D:8      | Reached XP level 11. HP: 47/107 MP: 11/11
 11746 | D:9      | Found a shimmering altar of Xom.
 11865 | D:9      | Reached skill level 15 in Axes
 12150 | D:10     | Entered Level 10 of the Dungeon
 12285 | D:10     | Received a gift from Okawaru
 12379 | D:10     | Found a staircase to the Lair.
 12667 | D:10     | Found a glowing golden altar of the Shining One.
 13357 | D:10     | Found a white marble altar of Elyvilon.
 13883 | Lair:1   | Entered Level 1 of the Lair of Beasts
 13888 | Lair:1   | Noticed Nergalle
 13900 | Lair:1   | Killed Nergalle
 14055 | Lair:1   | Noticed braks's ghost (journeyman DsMo)
 14140 | Lair:1   | Killed braks's ghost
 14140 | Lair:1   | Reached skill level 16 in Axes
 14567 | Lair:1   | HP: 5/111 [poisoned by a soldier ant]
 14572 | Lair:1   | HP: 5/111 [poisoned by a soldier ant]
 14579 | Lair:1   | HP: 5/111 [poisoned by a soldier ant]
 14587 | Lair:1   | HP: 5/111 [poisoned by a soldier ant]
 15097 | Lair:1   | Reached skill level 15 in Fighting
 16006 | Lair:1   | Reached skill level 5 in Armour
 16006 | Lair:1   | Reached XP level 12. HP: 81/119 MP: 12/12
 16557 | Lair:1   | HP: 5/119 [poisoned by a worker ant]
 16562 | Lair:1   | HP: 3/119 [poisoned by a worker ant]
 16567 | Lair:1   | HP: 3/119 [poisoned by a worker ant]
 16574 | Lair:1   | HP: 3/119 [poisoned by a worker ant]
 16582 | Lair:1   | HP: 3/119 [poisoned by a worker ant]
 17007 | Lair:1   | Noticed a queen ant
 17043 | Lair:1   | Killed a queen ant
 17858 | Lair:1   | HP: 5/119 [soldier ant (4)]
 17863 | Lair:1   | HP: 4/119 [poisoned by a soldier ant]
 17868 | Lair:1   | HP: 3/119 [poisoned by a soldier ant]
 17874 | Lair:1   | HP: 3/119 [poisoned by a soldier ant]
 17880 | D:10     | HP: 3/119 [poisoned by a soldier ant]
 17886 | D:10     | HP: 3/119 [poisoned by a soldier ant]
 18384 | Lair:1   | Noticed an eight-headed hydra
 18446 | Lair:1   | Received a gift from Okawaru
 18731 | Lair:1   | Noticed Urug
 19184 | Lair:2   | Noticed a four-headed hydra
 19803 | Lair:2   | Reached skill level 1 in Invocations
 20674 | Lair:3   | Reached skill level 5 in Invocations
 20766 | Lair:3   | HP: 5/119 [poisoned by a spiny frog]
 20771 | Lair:3   | HP: 3/119 [poisoned by a spiny frog]
 20777 | Lair:2   | HP: 2/119 [poisoned by a spiny frog]
 20784 | Lair:2   | HP: 2/119 [poisoned by a spiny frog]
 20792 | Lair:2   | HP: 3/119 [poisoned by a spiny frog]
 21744 | Lair:3   | Found a staircase to the Shoals.
 21855 | Lair:3   | HP: 2/119 [electric eel/bolt of electricity (13)]
 23492 | Lair:4   | Reached XP level 13. HP: 118/126 MP: 20/20
 23523 | Lair:4   | Reached skill level 10 in Invocations
 24031 | Lair:4   | Found a hole to the Spider Nest.
 24041 | Lair:4   | Reached skill level 5 in Shields
 26969 | Lair:6   | Reached skill level 10 in Shields
 28037 | Lair:6   | Found a staircase to the Slime Pits.
 28037 | Lair:6   | Found a viscous altar of Jiyva.
 28688 | Lair:7   | Reached skill level 1 in Evocations
 28692 | Lair:7   | Reached XP level 14. HP: 105/135 MP: 18/21
 28919 | Lair:7   | Reached ****** piety under Okawaru
 29002 | Lair:7   | Received a gift from Okawaru
 29441 | Lair:7   | Reached skill level 5 in Evocations
 30465 | Lair:8   | Entered Level 8 of the Lair of Beasts
 30671 | Lair:8   | Received a gift from Okawaru
 31134 | Lair:8   | Noticed Rupert
 31146 | Lair:8   | Reached skill level 10 in Evocations
 31172 | Lair:8   | Received a gift from Okawaru
 31186 | Lair:8   | Killed Rupert
 31202 | Lair:8   | HP: 3/135 [catoblepas (7)]
 31203 | Lair:8   | Slain by a death yak

Vault maps used:
D:1:      dpeg_arrival_tiny_a
D:2:      nemelex_lonely_heart_becter
D:3:      nicolae_overflow_hidden_temple, ecumenical_altar_2,
          minmay_divided_ellipse
D:4:      lemuel_crystal_altar, temple_green, serial_co_window_serial,
          co_window_paths_a, co_window_paths_a, co_window_of_opportunity_a,
          co_window_corner_a, co_window_cross_1, co_window_of_opportunity_a,
          co_window_corner_a, co_window_broadway_b, co_window_corner_b,
          co_window_broadway_a, co_window_paths_c, glass_columns_a,
          glass_columns_a, glass_columns_b
D:5:      first_bread
D:6:      kiku_gazebo_pond_becter, nicolae_ru_awakened_eye, uniq_sigmund
D:7:      cheibrodos_worm_habitat, old_standard_altar, minitemple, serial_shops,
          shop, shop, nicolae_shop_scaring_up_business, kennysheep_mini_moat,
          nicolae_shop_behind_doors, uniq_joseph, uniq_menkaure
D:8:      kennysheep_six_static_rooms, lemuel_coloured_pillars_altar,
          basic_altar, uniq_pikel
D:9:      xom_butterflies
D:10:     minmay_lair_entry_grove, grunt_livestock, hangedman_feature_mirror
Temple:   jpeg_temple_clearing_9
Lair:1:   minivault_29, grunt_megastairs_2, uniq_nergalle, uniq_urug
Lair:3:   minmay_shoals_entry_beasts, serial_bayou_shore_a, serial_bayou_shore_b
Lair:4:   spider_nest_entry_a, grunt_megastairs_3, lemuel_fruit_tree
Lair:5:   infiniplex_staircase_pool
Lair:6:   slime_altar_1, columned_hall_lemuel
Lair:7:   mu_elephants_graveyard
Lair:8:   grunt_lair_end_beastmaster, serial_forest,
          infiniplex_forest_straight_5, infiniplex_forest_clump_small,
          infiniplex_forest_clump_curved, infiniplex_forest_clump_long,
          infiniplex_forest_clump_C, infiniplex_forest_clump_tiny,
          infiniplex_forest_lined_ring, uniq_rupert

Action                   |  1- 3 |  4- 6 |  7- 9 | 10-12 | 13-15 || total
-------------------------+-------+-------+-------+-------+-------++-------
Melee: War axe           |   105 |   191 |   328 |   254 |   616 ||  1494
       Hand axe          |       |       |       |  1066 |       ||  1066
       Battleaxe         |       |       |       |    68 |       ||    68
       Broad axe         |       |       |       |       |   147 ||   147
Invok: Heroism           |       |       |     1 |    11 |     7 ||    19
       Finesse           |       |       |       |     1 |     4 ||     5
  Use: Scroll            |     4 |     7 |     4 |    20 |     2 ||    37
       Potion            |       |     1 |       |    15 |     5 ||    21
 Stab: Petrifying        |       |       |       |       |     1 ||     1
  Eat: Bread ration      |       |     2 |       |     6 |       ||     8
       Chunk             |       |     1 |    12 |    21 |    18 ||    52
       Meat ration       |       |       |     1 |     2 |       ||     3
       Beef jerky        |       |       |     1 |       |       ||     1
       Fruit             |       |       |     1 |     2 |     6 ||     9
       Royal jelly       |       |       |     1 |       |       ||     1
